 BcadrenCrawl: Boulder Brew version 0.03.2.1-60-gf6a17aa475 (webtiles) character file.

Game seed: 1371002784372653356, levelgen mode: deterministic

21327 esc the Impaler (level 12, -12/103 HPs) Hill Orc Noble. Began on Feb 7, 2021. Was a Believer of Hepliaklqana. Mangled by an ogre ... wielding a cursed +7 giant spiked club {(Curse: Fragile)} (23 damage) ... on level 2 of the Orcish Mines. The game lasted 00:16:27 (5975 turns).

esc the Impaler (Hill Orc Noble)                    Turns: 5975, Time: 00:16:27

Health: -12/103    AC: 27    Str: 18    XL:     12 ^: 1514
Magic:  13/13      EV:  8    Int: 10    God:    Hepliaklqana [2* [52]]
Gold:   432        SH:  0    Dex: 17    Spells: 13/13 levels left

rFire    + . .     Vision   .   c - +1 bardiche
rCold    . . .     Gourm    .   (also wielding the above weapon)
rNeg     . . .     Faith    .   f - +5 plate armour {rF+}
rPois    .         Spirit   .   k - +0 helmet
rElec    .         Reflect  .   (no cloak)
rCorr    .         Harm     .   d - +0 pair of gloves {Dex+3}
MR       +....                  (no boots)
Stlth    ..........             (no amulet)
HPRegen  0.44/turn              v - ring of protection from magic
MPRegen  0.23/turn              x - ring of protection

@: no status effects
A: reduced essence
a: Recall Ancestor, Ancestor Identity, Renounce Religion, Convert to Beogh


You were on level 2 of the Orcish Mines.
You worshipped Hepliaklqana.
Hepliaklqana was pleased with you.
You were not hungry.

You visited 3 branches of the dungeon, and saw 9 of its levels.
You also visited: Market.

You collected 517 gold pieces.
You spent 1085 gold pieces at shops.

Inventory:

Weapons
 c - a +1 bardiche (weapon)
Armour
 d - a +0 pair of gloves of dexterity (worn)
 e - a +0 hat
 f - a +5 plate armour of fire resistance (worn)
 k - a +0 helmet (worn)
Jewellery
 n - a cursed amulet of faith {(Curse: *Slow)}
 s - an uncursed ring of ice
 v - a ring of protection from magic (left hand)
 w - an uncursed ring of fire
 x - a ring of protection (right hand)
 B - an uncursed ring of evasion
 D - a cursed ring of ice {(Curse: *Drain)}
 G - a cursed ring of positive energy {(Curse: MR-)}
Wands
 q - a wand of ensnaring (1)
 r - a wand of flame (2)
 t - a wand of disintegration (10)
 z - a wand of clouds (2)
 H - a wand of polymorph (20)
Scrolls
 i - 11 scrolls of teleportation
 j - 4 scrolls of amnesia
 m - 2 scrolls of fog
 o - 2 scrolls of magic mapping
 y - a scroll of holy word
 F - a scroll of summoning
 I - a scroll of blinking
Potions
 g - 3 potions of brilliance
 h - 3 potions of magic
 l - 6 potions of curing
 p - a potion of might
 u - 2 potions of haste
 A - a potion of agility
 C - 3 potions of berserk rage
 E - 2 potions of cancellation
Comestibles
 b - 14 rations


   Skills:
 + Level 13.4 Fighting
 + Level 17.7 Polearms
 + Level 10.1 Armour
 - Level 0.7 Stealth
 - Level 1.0 Spellcasting


You had 13 spell levels left.
You didn't know any spells.
Your spell library contained the following spells:

 Spells                   Type           Power        Failure   Level  Hunger
 Confusing Touch          Hex            0 (50)       85%         1    ##.....
 Flame Tongue             Fire           0 (30)       85%         1    ##.....
 Freeze                   Ice            0 (25)       85%         1    ##.....
 Magic Candle             Hex/Fire       0 (90)       85%         1    ##.....
 Shock                    Air            0 (25)       85%         1    ##.....
 Summon Small Mammal      Summ           0 (25)       85%         1    ##.....
 Swiftness                Chrm/Air       0 (100)      94%         2    ###....
 Throw Frost              Ice            0 (50)       94%         2    ###....
 Ozocubu's Armour         Chrm/Ice       0 (100)      99%         3    ####...
 Static Discharge         Air            0 (100)      99%         3    ####...
 Airstrike                Air            0 (200)      100%        4    #####..
 Hailstorm                Ice            0 (100)      100%        4    #####..
 Summon Ice Beast         Ice/Summ       0 (100)      100%        4    #####..
 Throw Icicle             Ice            0 (100)      100%        4    #####..
 Lightning Bolt           Air            0 (200)      100%        5    ######.


Dungeon Overview and Level Annotations

Branches:
Dungeon (6/8)              Temple (1/1) D:4            Lair (0/6) D:5
    Orc (2/2) D:6
    Elf: Orc:2

Altars:
Ashenzari
Beogh
Cheibriados
Dithmenos
Fedhas Madash
Gozag Ym Sagoz
Hepliaklqana
Nemelex Xobeh
Okawaru
Qazlal
Ru
Sif Muna
Uskayaw
Vehumet
Wu Jian
Xom
Yredelemnul
Zin
The Shining One

Shops:
D:4 ?(*


Message History

The two-headed ogre is severely wounded. (19/60) HP You hear a shout! x3; You hear two shouts!
The orc hits you but does no damage.
The ogre hits you with a +0 giant club (12)!
A troll comes into view.
The orc priest casts a cantrip, but nothing happens.
The two-headed ogre hits you but does no damage.
The two-headed ogre hits you with a +0 giant club (16)!
* * * LOW HITPOINT WARNING * * *
The orc hits you with a +0 club (5).
* * * LOW HITPOINT WARNING * * *
Unknown command.
Okay, then.
Unknown command.
The orc priest shouts, "Surrender to Beogh and we'll let you live!"
You slash the two-headed ogre (10)!
The two-headed ogre is almost dead. (9/60) HP The ogre barely misses you (0).
The ogre hits you with a cursed +7 giant spiked club {(Curse: Fragile)} (23)!!
You die...

##............#
##....T........#
#.#.$...........
...$..o.........
.....o..o[......
#.......[[......
.....o.)o)......
......oOo.#.#...
...#...)@O.#
.....R..OO.#
......#.o..O.#
$..........OO.#
.....$......O...
##..$.......o...
#...........O..
#.#...........


You could see the friendly Beli-Ashared the battlemage, 4 two-headed ogres, an
ogre mage, a troll, 2 orc warriors, 4 ogres, 3 orc priests, an orc wizard and 3
orcs.

Vanquished Creatures
  Roxanne (D:6)
  2 unseen horrors (D:6)
  4 two-headed ogres
  A hydra (D:6)
  2 deep elf magi (D:6)
  2 manticores (D:6)
  2 ugly things (D:6)
  5 trolls
  A komodo dragon (D:6)
  3 wraiths
  A vampire (D:6)
  2 hippogriffs (D:6)
  2 cyclopes
  A spriggan (D:5)
  6 yaks
  3 slime creatures (D:6)
  3 phantoms
  Edmund (D:2)
  20 orc warriors
  4 wargs
  A soldier ant (D:6)
  A water moccasin (D:6)
  4 porcupines (D:5)
  3 scorpions
  3 sky beasts
  An eye of draining (D:6)
  10 ogres
  7 crocodiles
  A big kobold (D:2)
  10 bullfrogs
  3 centaurs
  3 howler monkeys
  2 wights (D:6)
  2 hornet zombies
  10 orc priests
  7 jellies
  A gnoll shaman (D:4)
  7 worker ants
  5 iguanas
  17 orc wizards
  3 wyvern skeletons
  A water moccasin skeleton (D:4)
  7 giant cockroaches
  3 bullfrog zombies
  2 bullfrog skeletons (D:4)
  13 adders
  8 gnolls
  14 sewer rats (D:2)
  9 cinder newts
  3 worms (D:2)
  A giant cockroach zombie (D:3)
  A worker ant zombie (D:3)
  A howler monkey zombie (D:3)
  5 oozes
  A howler monkey skeleton (D:5)
  2 dart slugs
  6 leopard geckos
  42 orcs
  2 adder skeletons
  A cinder newt skeleton (D:2)
  2 jackals (D:3)
  2 quokkas
  6 ball pythons
  8 bats
  A bat skeleton (D:2)
  4 goblins (D:1)
  A jackal zombie (D:4)
  8 kobolds
  2 quokka zombies
  9 rats
  A butterfly (D:6)
  4 withered plants (D:2)
337 creatures vanquished.

Vanquished Creatures (collateral kills)
  An eye of draining (D:5)
  3 orc wizards
  An adder (D:4)
  2 orcs
7 creatures vanquished.

Vanquished Creatures (others)
  A giant cockroach (D:2)
  A leopard gecko (D:2)
  An ancestor (D:6)
  A battlemage (Orc:1)
  175 withered plants (D:2)
179 creatures vanquished.

Grand Total: 523 creatures vanquished

Notes
Turn   | Place    | Note
-------+----------+-------------------------------------------
     0 | Start Ma | esc the Hill Orc Noble began the quest for the Orb.
     0 | Start Ma | Reached XP level 1. HP: 16/16 MP: 2/2
     0 | Start Ma | Found Rekkush's Mashing MeleeMart.
    16 | Start Ma | Found Daelaif's Auxillary Armour.
    17 | Start Ma | Bought a +0 bardiche for 360 gold pieces
    31 | Start Ma | Bought a +0 pair of gloves of dexterity for 230 gold pieces
    31 | Start Ma | Bought a +0 hat for 80 gold pieces
    31 | Start Ma | Found Qyinuol's Expert Tomes.
    54 | Start Ma | Bought a +5 plate armour of ponderousness for 300 gold
                  | pieces
    81 | D:1      | esc set off with the following items: a ration, a +0
                  | bardiche, a +0 pair of gloves of dexterity, a +0 hat, a +5
                  | plate armour of ponderousness
    93 | D:1      | Reached skill level 1 in Polearms
   119 | D:1      | Reached XP level 2. HP: 23/23 MP: 3/3
   127 | D:1      | Reached skill level 2 in Polearms
   254 | D:1      | Reached XP level 3. HP: 27/28 MP: 4/4
   370 | D:1      | Reached skill level 3 in Polearms
   433 | D:1      | Reached XP level 4. HP: 31/35 MP: 5/5
   459 | D:1      | Reached skill level 4 in Polearms
   825 | D:2      | Reached XP level 5. HP: 40/40 MP: 6/6
   830 | D:2      | Reached skill level 5 in Polearms
   998 | D:2      | Reached skill level 6 in Polearms
   998 | D:2      | Reached XP level 6. HP: 45/47 MP: 7/7
  1051 | D:2      | Found a sparkling altar of Nemelex Xobeh.
  1076 | D:2      | Reached skill level 7 in Polearms
  1126 | D:2      | Reached XP level 7. HP: 52/52 MP: 8/8
  1254 | D:2      | Reached skill level 8 in Polearms
  1733 | D:2      | Reached skill level 9 in Polearms
  1784 | D:2      | Noticed Edmund
  1788 | D:2      | Killed Edmund
  1788 | D:2      | Reached XP level 8. HP: 40/59 MP: 9/9
  2059 | D:3      | Reached skill level 1 in Armour
  2224 | D:3      | Reached skill level 15 in Polearms
  2224 | D:3      | Reached XP level 9. HP: 40/67 MP: 10/10
  2555 | D:3      | Found a runed translucent gate.
  2555 | D:3      | Found a runed translucent gate.
  2559 | D:3      | Found a runed translucent gate.
  2948 | D:4      | Reached XP level 10. HP: 74/79 MP: 11/11
  3070 | D:4      | Found a staircase to the Ecumenical Temple.
  3081 | Temple   | Entered the Ecumenical Temple
  3227 | Temple   | Became a worshipper of Hepliaklqana the Forgotten
  3310 | D:4      | Found Cirurgh's Magic Scroll Shoppe.
  3409 | D:4      | Reached skill level 16 in Polearms
  3410 | D:4      | Reached skill level 5 in Fighting
  3430 | D:4      | Found Ocutzarr's Assorted Antiques.
  3434 | D:4      | Bought a brass ring for 115 gold pieces
  3625 | D:4      | Found Puschidula's Weapon Shop.
  3900 | D:5      | Entered Level 5 of the Dungeon
  3900 | D:5      | Noticed a two-headed ogre
  3903 | D:5      | Killed a two-headed ogre
  3903 | D:5      | Reached skill level 5 in Armour
  4044 | D:5      | Identified the cursed ring of Ranoal {rPois rF+ rC+ +Vis,
                  | (Curse: Fragile)}
  4101 | D:5      | Noticed a two-headed ogre
  4105 | D:5      | Killed a two-headed ogre
  4105 | D:5      | Reached XP level 11. HP: 81/81 MP: 12/12
  4127 | D:5      | Found a shattered altar of Ashenzari.
  4137 | D:5      | Reached * piety under Hepliaklqana
  4219 | D:5      | Found a staircase to the Lair.
  4359 | D:5      | Found an iron altar of Okawaru.
  4493 | D:6      | Noticed Roxanne
  4508 | D:6      | Killed Roxanne
  4683 | D:6      | Noticed a two-headed ogre
  4683 | D:6      | Noticed a six-headed hydra
  4686 | D:6      | Killed an unseen horror
  4686 | D:6      | Reached skill level 10 in Fighting
  4688 | D:6      | Killed a two-headed ogre
  4688 | D:6      | Reached skill level 17 in Polearms
  4691 | D:6      | Killed a seven-headed hydra
  4691 | D:6      | Reached XP level 12. HP: 96/96 MP: 13/13
  4710 | D:6      | Identified the +8 hatchet of Isaf {venom, rF+ Str+4 Int-2}
  4930 | D:6      | Found a staircase to the Orcish Mines.
  5076 | D:6      | Found a roughly hewn altar of Beogh.
  5078 | D:6      | Found an iron altar of Okawaru.
  5376 | Orc:1    | Entered Level 1 of the Orcish Mines
  5485 | Orc:1    | Reached ** piety under Hepliaklqana
  5486 | Orc:1    | Remembered your ancestor Beli-Ashared as a battlemage
  5842 | Orc:2    | Entered Level 2 of the Orcish Mines
  5842 | Orc:2    | Identified the cursed amulet of Suspicion {RegenMP rPois
                  | Str+2, (Curse: Fragile)}
  5855 | Orc:2    | Noticed an ogre mage
  5970 | Orc:2    | Reached skill level 10 in Armour
  5975 | Orc:2    | Mangled by an ogre

Levels and vault maps discovered:
D:1:      dpeg_arrival_renting, layout_loops_ring, portal_sewer_entry_c
D:2:      layout_sewer, nemelex_xobeh_ov_fountains_minmay, uniq_edmund
D:3:      miniossuary_kennysheep_ghosthouse, layout_rooms, first_ration
D:4:      layout_small_grid, minmay_temple_entry_arrows, serial_shops, shop,
          shop, kennysheep_mini, hangedman_corner_corridor
D:5:      layout_cave_pools, lemuel_doored_altar, minmay_lair_entry_grove,
          the_bakery, okawaru_metal_pillars_1_2
D:6:      layout_roguey, minitemple, david_orc_1_choice, uniq_roxanne
Temple:   regret_index_temple_waves
Orc:1:    layout_diamond_mine
Orc:2:    st_orc_ogre_mass, layout_caves, minmay_orc_temple_a

Skill      XL: |  1  2  3  4  5  6  7  8  9 10 11 12 |
---------------+-------------------------------------+-----
Polearms       | 1 2 3 4 6 7 9 15 16 17 | 17.7
Armour         | 1 3 5 8 10 | 10.1
Fighting       | 2 4 6 10 13 | 13.4
Stealth        | |  0.7
Spellcasting   | |  1.0

Action                   |  1- 3 |  4- 6 |  7- 9 | 10-12 || total
-------------------------+-------+-------+-------+-------++-------
Melee: Bardiche          |    44 |   127 |   152 |   286 ||   609
Invok: Recall Ancestor   |       |       |       |     1 ||     1
       Ancestor Life: Ba |       |       |       |     1 ||     1
  Use: Potion            |       |       |     1 |     1 ||     2
       Scroll            |       |       |       |     2 ||     2
 Stab: Distracted        |       |       |       |     2 ||     2
  Eat: Chunk             |       |     2 |     7 |    10 ||    19
Armor: Plate armour      |    41 |   144 |    89 |   112 ||   386
Dodge: Dodged            |    23 |    64 |    42 |    32 ||   161
